 Dungeon Crawl Stone Soup version 0.30.1-9-gdf580d7c3d (webtiles) character file.

Game seed: 12561580983366734841

239 Ironcache the Shooter (level 6, -4/49 HPs)
             Began as a Formicid Hunter on Oct 4, 2023.
             Slain by a harpy (12 damage)
             ... on level 4 of the Dungeon.
             The game lasted 00:10:38 (2537 turns).

Ironcache the Shooter (Formicid Hunter)             Turns: 2537, Time: 00:10:39

Health: -4/49      AC: 13    Str: 15    XL:     6   Next: 29%
Magic:  6/6        EV:  5    Int:  9    God:
Gold:   126        SH:  0    Dex: 19    Spells: 5/5 levels left

rFire   . . .        a - +0 shortbow
rCold   . . .        (no shield)
rNeg    . . .        y - +0 plate armour
rPois   .            (helmet unavailable)
rElec   .            t - +0 cloak
rCorr   .            h - +0 pair of gloves
SInv    +            (no boots)
Will    .....        (no amulet) Stlth
                     (no ring)
HPRegen 0.28/turn    (no ring)
MPRegen 0.10/turn

%: no passive effects
@: no status effects
A: permanent stasis, dig shafts and tunnels, antennae 3, four strong arms
a: Dig, Shaft Self


You were on level 4 of the Dungeon.
You visited 1 branch of the dungeon, and saw 4 of its levels.

You collected 126 gold pieces.

Inventory:

Hand Weapons
 a - a +0 shortbow (weapon)
 b - a +2 quarterstaff of chaos
 g - a +0 mace
 q - a +0 dagger
 s - a +2 spectral club
 B - a +0 falchion
Armour
 c - a +0 leather armour
 h - a +0 pair of gloves (worn)
 t - a +0 cloak (worn)
 w - a scarf of harm
 y - a +0 plate armour (worn)
Jewellery
 p - a ring of magical power
Wands
 D - a wand of polymorph (5)
Scrolls
 e - 2 scrolls of immolation
 f - 2 scrolls of identify {unknown}
 l - 3 scrolls of teleportation
 m - a scroll of enchant armour {unknown}
 n - a scroll of poison {unknown}
 o - a scroll of summoning {unknown}
 r - a scroll of vulnerability {unknown}
 v - 2 scrolls of magic mapping {unknown}
 x - a scroll of enchant weapon {unknown}
 C - a scroll of blinking {unknown}
Potions
 d - a potion of curing {unknown}
 i - 3 potions of flight {unknown}
 j - a potion of cancellation {unknown}
 k - a potion of might {unknown}
 u - a potion of brilliance {unknown}
 z - a potion of heal wounds {unknown}
 A - a potion of degeneration {unknown}


   Skills:
 + Level 4.5 Fighting
 + Level 5.4 Ranged Weapons
 * Level 2.1 Armour
 - Level 2.0 Dodging
 - Level 2.0 Stealth


You had 5 spell levels left.
You didn't know any spells.
Your spell library was empty.

Dungeon Overview and Level Annotations

Branches:
Dungeon (4/15)
 Temple: D:4-7

Altars:
Dithmenos
Zin

Shops:
D:2 !*[   D:3 :


Innate Abilities, Weirdness & Mutations

You cannot be hasted, slowed, berserked, paralysed or teleported.
You can dig through walls and to a lower floor.
You have a pair of large antennae on your head. (SInv)
Your four strong arms can wield two-handed weapons with a shield.


Message History

Aiming: Polymorph
Press: ? - help, Shift-Dir - straight line, f - ogre, p - adder
Aim: an ogre, wielding a +0 giant spiked club (will become a polar bear, a steam dragon, or a sky beast, chance to affect: 49%)
The ogre resists with some effort.
The ogre hits you with a +0 giant spiked club!
The adder barely misses you.
Aiming: Polymorph
Press: ? - help, Shift-Dir - straight line, f/p - ogre
Aim: an ogre, wielding a +0 giant spiked club (will become a polar bear, a steam dragon, or a sky beast, chance to affect: 49%)
The ogre evaporates and reforms as a polar bear!
The adder bites you. The polar bear barely misses you.
The polar bear completely misses you. The polar bear closely misses you.
Aiming: Polymorph
Press: ? - help, Shift-Dir - straight line, f/p - polar bear
Aim: a polar bear (will become an adder, a meliai, or a harpy, chance to affect: 49%)
The polar bear evaporates and reforms as a harpy!
The harpy claws you but does no damage. x2; The adder bites you.
The adder barely misses you.
As you read the scroll labelled CUESCH FUSILYM, it crumbles to dust.
You feel a strange sense of stasis.
It was a scroll of teleportation.
The harpy claws you! The harpy claws you but does no damage.
The adder bites you but does no damage. The harpy claws you!
The harpy claws you. The adder attacks as you move away!
The adder bites you but does no damage. The adder attacks as you move away!
The adder bites you but does no damage. The harpy barely misses you.
The harpy claws you but does no damage. The harpy claws you but does no damage.
The harpy claws you!
* * * LOW HITPOINT WARNING * * *
The adder barely misses you. The harpy claws you but does no damage.
The harpy claws you.
* * * LOW HITPOINT WARNING * * *
The harpy claws you but does no damage. x2
The adder attacks as you move away! The adder bites you but does no damage.
The harpy claws you but does no damage. x2
The adder bites you but does no damage.
Are you sure you want to shaft yourself?
The adder bites you but does no damage.
You begin to dig a shaft.
You continue digging a shaft.
The harpy claws you!
You die...

#....######
##.)........
#......##
#.......###### {
#............#
#......#####..
#......#
###.....S## #
#.......H@# ..#
#.........# .[#
#.........# #.#
#.........#
#.........#
#.........#
#.........#
#.........########
#................#
###


You could see a harpy and an adder.

Vanquished Creatures
  A scorpion (D:3)
  Crazy Yiuf (D:2)
  Jessica (D:2)
  An iguana (D:4)
  5 adders
  2 dart slugs (D:1)
  2 endoplasms (D:2)
  5 giant cockroaches
  4 goblins
  7 hobgoblins
  2 jackals (D:3)
  2 quokkas
  7 ball pythons
  7 bats
  6 frilled lizards
  A kobold (D:2)
  5 rats
59 creatures vanquished.

Notes
Turn   | Place    | Note
-------+----------+-------------------------------------------
     0 | D:1      | Ironcache the Formicid Hunter began the quest for the Orb.
     0 | D:1      | Reached XP level 1. HP: 16/16 MP: 1/1
   126 | D:1      | Reached XP level 2. HP: 23/23 MP: 2/2
   371 | D:1      | Reached XP level 3. HP: 28/28 MP: 3/3
   692 | D:2      | Found Laocwi's General Store.
   719 | D:2      | Found Leze's Armour Shoppe.
   815 | D:2      | Reached XP level 4. HP: 35/35 MP: 4/4
   897 | D:2      | Noticed Jessica
   900 | D:2      | Killed Jessica
   992 | D:2      | Found a faded altar of an unknown god.
  1117 | D:2      | Found a runed translucent door.
  1118 | D:2      | Noticed Crazy Yiuf
  1141 | D:2      | Found Voun Xool's Distillery.
  1166 | D:2      | Killed Crazy Yiuf
  1167 | D:2      | Reached skill level 5 in Ranged Weapons
  1167 | D:2      | Reached XP level 5. HP: 42/42 MP: 5/5
  1527 | D:3      | Found a glowing silver altar of Zin.
  1658 | D:3      | Found a shadowy altar of Dithmenos.
  1866 | D:3      | Reached skill level 1 in Armour
  1866 | D:3      | Reached XP level 6. HP: 47/49 MP: 6/6
  2109 | D:3      | Found Fizus's Book Shoppe.
  2265 | D:4      | Noticed an ogre
  2522 | D:4      | Noticed an ogre
  2527 | D:4      | an ogre changed into a polar bear
  2527 | D:4      | Noticed a polar bear
  2528 | D:4      | a polar bear changed into a harpy
  2528 | D:4      | Noticed a harpy
  2537 | D:4      | Slain by a harpy

Illustrated notes

Levels and vault maps discovered:
D:1:      nagdon_arrival_double_spiral, layout_basic, skrybe_limestone_x,
          item_on_display_a
D:2:      layout_basic, shapermc_ecumenical_altar_mp_urbaneastern, serial_shops,
          nicolae_shop_real_fake_doors, shop, shop, uniq_jessica,
          uniq_crazy_yiuf_cottage
D:3:      layout_basic, nicolae_dithmenos_through_a_glass_darkly, zin_statuary,
          serial_shops, shop, serial_bayou_pond_e
D:4:      minmay_spotlight, layout_basic, gammafunk_temple_overflow_elements,
          fedhas_altar_4

Skill      XL: |  1  2  3  4  5  6 |
---------------+-------------------+-----
Dodging        | 2 |  2.0
Stealth        | 2 |  2.0
Fighting       | 3 4 |  4.5
Ranged Weapons | 5 |  5.4
Armour         | 1 2 |  2.1

Action                     |  1- 3 |  4- 6 || total
---------------------------+-------+-------++-------
  Melee: Dagger            |     6 |       ||     6
         Quarterstaff      |       |    15 ||    15
   Fire: Shortbow          |    45 |    59 ||   104
Ability: Shaft Self        |       |     1 ||     1
  Evoke: Wand              |       |     3 ||     3
    Use: Scroll            |       |     1 ||     1
 Armour: Leather armour    |     2 |     1 ||     3
         Plate armour      |       |    28 ||    28
  Dodge: Dodged            |     8 |    18 ||    26
